SAA
MYRTLE BEACH MERMEN @ IRVING BLUE SOX
08/10/2031
 
TOP OF THE 1ST
Myrtle Beach Mermen batting - Pitching for Irving Blue Sox : RHP Ryan Dull
Pitching: RHP Ryan Dull
Batting: RHB Juan Laguna 0-0: Ball
1-0: Ball
2-0: Swinging Strike
2-1: Ball
3-1: Called Strike
3-2: SINGLE (Groundball, 6M) (infield hit)
Batting: RHB Armando Romero 0-0: Called Strike
0-1: Swinging Strike
0-2: Strikes out swinging
Batting: LHB Raymond Dudzinski 0-0: Called Strike
0-1: Ball
1-1: Foul Ball, location: 2F
1-2: Foul Ball, location: 2F
1-2: Strikes out swinging
Batting: RHB Tumas Wenzu 0-0: Called Strike
0-1: Ball
1-1: Fly out, F5 (Line Drive, 56)
Top of the 1st over - 0 runs, 1 hit, 0 errors, 1 left on base; Myrtle Beach 0 - Irving 0
BOTTOM OF THE 1ST
Irving Blue Sox batting - Pitching for Myrtle Beach Mermen : RHP Plinio Pedrulho
Pitching: RHP Plinio Pedrulho
Batting: RHB Enrique Gómez 0-0: Swinging Strike
0-1: Ball
1-1: Ball
2-1: Swinging Strike
2-2: Strikes out swinging
Batting: LHB Ricardo Ríos 0-0: Ball
1-0: Called Strike
1-1: Ball
2-1: Ball
3-1: Foul Ball, location: 2F
3-2: SOLO HOME RUN (Flyball, 7D), Distance : 413 ft
Batting: LHB Mike Clifton 0-0: Called Strike
0-1: Swinging Strike
0-2: Strikes out swinging
Batting: LHB Juan Jimínez 0-0: Fly out, F9 (Flyball, 9LSF)
Bottom of the 1st over - 1 run, 1 hit, 0 errors, 0 left on base; Myrtle Beach 0 - Irving 1
TOP OF THE 2ND
Myrtle Beach Mermen batting - Pitching for Irving Blue Sox : RHP Ryan Dull
Batting: LHB Roberto Vázquez 0-0: Ball
1-0: Foul Ball, location: 2F
1-1: Ball
2-1: Called Strike
2-2: Strikes out swinging
Batting: RHB Spartak Gonjarov 0-0: Ball
1-0: Swinging Strike
1-1: Foul Ball, location: 2F
1-2: Ball
2-2: Fly out, F4 (Popup, 34)
Batting: LHB Henry Madore 0-0: Called Strike
0-1: Ball
1-1: Foul Ball, location: 2F
1-2: Strikes out swinging
Top of the 2nd over - 0 runs, 0 hits, 0 errors, 0 left on base; Myrtle Beach 0 - Irving 1
BOTTOM OF THE 2ND
Irving Blue Sox batting - Pitching for Myrtle Beach Mermen : RHP Plinio Pedrulho
Batting: RHB Greg Bugarin 0-0: Ball
1-0: Ball
2-0: Ball
3-0: Base on Balls
Batting: RHB Scotty Smalls 0-0: Called Strike
0-1: Ball
1-1: Fly out, F5 (Line Drive, 5L)
Batting: SHB Rafael Porfrio 0-0: Called Strike
0-1: Ball
1-1: Foul Ball, location: 2F
1-2: Ball
2-2: Fly out, F3 (Line Drive, 34)
Batting: RHB Octávio Beltzán 0-0: Swinging Strike
0-1: Ground out 1-3 (Groundball, 13S)
Bottom of the 2nd over - 0 runs, 0 hits, 0 errors, 1 left on base; Myrtle Beach 0 - Irving 1
TOP OF THE 3RD
Myrtle Beach Mermen batting - Pitching for Irving Blue Sox : RHP Ryan Dull
Batting: RHB Gomez Talone 0-0: Ball
1-0: Ball
2-0: Swinging Strike
2-1: Foul Ball, location: 2F
2-2: Ball
3-2: Strikes out swinging
Batting: RHB Ronaldo Gentil 0-0: Ball
1-0: Ball
2-0: Foul Ball, location: 2F
2-1: Called Strike
2-2: Strikes out swinging
Batting: RHB Juan Laguna 0-0: Called Strike
0-1: Ball
1-1: Foul Ball, location: 2F
1-2: Ball
2-2: Strikes out looking
Top of the 3rd over - 0 runs, 0 hits, 0 errors, 0 left on base; Myrtle Beach 0 - Irving 1
BOTTOM OF THE 3RD
Irving Blue Sox batting - Pitching for Myrtle Beach Mermen : RHP Plinio Pedrulho
Batting: RHB Carlos Garza 0-0: Ball
1-0: Bunt for hit - play at first, batter safe!
Batting: RHB Enrique Gómez 0-0: Called Strike
0-1: Ball
1-1: Foul Ball, location: 2F
1-2: Ball
2-2: Ball
3-2: Base on Balls
Carlos Garza to second
Batting: LHB Ricardo Ríos 0-0: Called Strike
0-1: Foul Ball, location: 2F
0-2: Strikes out looking
Batting: LHB Mike Clifton 0-0: Called Strike
0-1: Foul Ball, location: 2F
0-2: Foul Ball, location: 2F
0-2: Ball
1-2: Ball
2-2: Foul Ball, location: 2F
2-2: Grounds into double play, 4-6-3 (Groundball, 4)
Bottom of the 3rd over - 0 runs, 1 hit, 0 errors, 1 left on base; Myrtle Beach 0 - Irving 1
TOP OF THE 4TH
Myrtle Beach Mermen batting - Pitching for Irving Blue Sox : RHP Ryan Dull
Batting: RHB Armando Romero 0-0: Ball
1-0: Ball
2-0: Called Strike
2-1: Fly out, F8 (Flyball, 78M)
Batting: LHB Raymond Dudzinski 0-0: Swinging Strike
0-1: Ball
1-1: Swinging Strike
1-2: Ball
2-2: Foul Ball, location: 2F
2-2: Strikes out swinging
Batting: RHB Tumas Wenzu 0-0: Ball
1-0: Ground out 6-3 (Groundball, 6)
Top of the 4th over - 0 runs, 0 hits, 0 errors, 0 left on base; Myrtle Beach 0 - Irving 1
BOTTOM OF THE 4TH
Irving Blue Sox batting - Pitching for Myrtle Beach Mermen : RHP Plinio Pedrulho
Batting: LHB Juan Jimínez 0-0: Ball
1-0: DOUBLE (Line Drive, 89XD)
Batting: RHB Greg Bugarin 0-0: Ball
1-0: Fly out, F9 (Flyball, 89S)
Now in RF: Félix Castellanos
Batting: RHB Scotty Smalls 0-0: Ball
1-0: Ball
2-0: Ball
3-0: Base on Balls
Batting: SHB Rafael Porfrio 0-0: Called Strike
0-1: Ball
1-1: Foul Ball, location: 2F
1-2: Strikes out swinging
Batting: RHB Octávio Beltzán 0-0: Called Strike
0-1: Ball
1-1: Ball
2-1: Ground out U3 (Groundball, 3L)
Bottom of the 4th over - 0 runs, 1 hit, 0 errors, 2 left on base; Myrtle Beach 0 - Irving 1
TOP OF THE 5TH
Myrtle Beach Mermen batting - Pitching for Irving Blue Sox : RHP Ryan Dull
Batting: LHB Roberto Vázquez 0-0: Foul Ball, location: 2F
0-1: Ball
1-1: Ball
2-1: SINGLE (Groundball, 34D)
Batting: RHB Spartak Gonjarov 0-0: Ball
1-0: Called Strike
1-1: Ball
2-1: Grounds into double play, 4-6-3 (Groundball, 4)
Batting: LHB Henry Madore 0-0: Foul Ball, location: 2F
0-1: Ball
1-1: Fly out, F7 (Flyball, 7)
Top of the 5th over - 0 runs, 1 hit, 0 errors, 0 left on base; Myrtle Beach 0 - Irving 1
BOTTOM OF THE 5TH
Irving Blue Sox batting - Pitching for Myrtle Beach Mermen : RHP Plinio Pedrulho
Batting: RHB Carlos Garza 0-0: Ball
1-0: Ball
2-0: Ball
3-0: Called Strike
3-1: Foul Ball, location: 2F
3-2: Ground out U3 (Groundball, 3)
Batting: RHB Enrique Gómez 0-0: Called Strike
0-1: Ball
1-1: Called Strike
1-2: Foul Ball, location: 2F
1-2: Strikes out swinging
Batting: LHB Ricardo Ríos 0-0: Ball
1-0: Called Strike
1-1: Ball
2-1: Ball
3-1: Ground out 4-3 (Groundball, 4MS)
Bottom of the 5th over - 0 runs, 0 hits, 0 errors, 0 left on base; Myrtle Beach 0 - Irving 1
TOP OF THE 6TH
Myrtle Beach Mermen batting - Pitching for Irving Blue Sox : RHP Ryan Dull
Batting: RHB Gomez Talone 0-0: Swinging Strike
0-1: Swinging Strike
0-2: Ball
1-2: Strikes out looking
Batting: RHB Ronaldo Gentil 0-0: Fly out, F3 (Popup, 3)
Batting: LHB Félix Castellanos 0-0: Ball
1-0: Foul Ball, location: 2F
1-1: Fly out, F7 (Flyball, 78S)
Top of the 6th over - 0 runs, 0 hits, 0 errors, 0 left on base; Myrtle Beach 0 - Irving 1
BOTTOM OF THE 6TH
Irving Blue Sox batting - Pitching for Myrtle Beach Mermen : RHP Plinio Pedrulho
Batting: LHB Mike Clifton 0-0: SINGLE (Groundball, 6S) (infield hit)
Batting: LHB Juan Jimínez 0-0: Ball
1-0: SINGLE (Groundball, 34) (infield hit)
Mike Clifton to second
Batting: RHB Greg Bugarin 0-0: Called Strike
0-1: Grounds into double play, 6-4-3 (Groundball, 6M)
Mike Clifton to third
Batting: RHB Scotty Smalls 0-0: Ball
1-0: DOUBLE (Line Drive, 89D)
Mike Clifton scores
Batting: SHB Rafael Porfrio 0-0: Foul Ball, location: 2F
0-1: Swinging Strike
0-2: Strikes out swinging
Bottom of the 6th over - 1 run, 3 hits, 0 errors, 1 left on base; Myrtle Beach 0 - Irving 2
TOP OF THE 7TH
Myrtle Beach Mermen batting - Pitching for Irving Blue Sox : RHP Ryan Dull
Batting: RHB Armando Romero 0-0: Called Strike
0-1: Foul Ball, location: 2F
0-2: Ball
1-2: Fly out, F7 (Flyball, 78S)
Batting: LHB Raymond Dudzinski 0-0: Ball
1-0: Foul Ball, location: 2F
1-1: Ball
2-1: Ground out 4-3 (Groundball, 4)
Batting: RHB Tumas Wenzu 0-0: Swinging Strike
0-1: Ball
1-1: Fly out, F9 (Flyball, 9D)
Top of the 7th over - 0 runs, 0 hits, 0 errors, 0 left on base; Myrtle Beach 0 - Irving 2
BOTTOM OF THE 7TH
Irving Blue Sox batting - Pitching for Myrtle Beach Mermen : RHP Plinio Pedrulho
Batting: RHB Octávio Beltzán 0-0: Ball
1-0: Ground out 3-1 (Groundball, 34)
Batting: RHB Carlos Garza 0-0: Foul Ball, location: 2F
0-1: Ball
1-1: SINGLE (Line Drive, 4D)
Batting: RHB Enrique Gómez 0-0: Ball
Carlos Garza steals 2nd base
1-0: Foul Ball, location: 2F
1-1: Ball
2-1: SINGLE (Line Drive, 5)
Carlos Garza to third
Runner from 3rd tries for Home, SAFE, no throw
Batting: LHB Ricardo Ríos 0-0: Ball
1-0: Ground out 4-3 (Groundball, 34D)
Enrique Gómez to second
Batting: LHB Mike Clifton 0-0: Foul Ball, location: 2F
0-1: Ball
1-1: Called Strike
1-2: Ball
2-2: Ball
3-2: Base on Balls
Batting: LHB Juan Jimínez 0-0: Called Strike
0-1: Called Strike
0-2: Ball
1-2: Ball
2-2: Strikes out swinging
Bottom of the 7th over - 1 run, 2 hits, 0 errors, 2 left on base; Myrtle Beach 0 - Irving 3
TOP OF THE 8TH
Myrtle Beach Mermen batting - Pitching for Irving Blue Sox : RHP Ryan Dull
Batting: LHB Roberto Vázquez 0-0: Called Strike
0-1: DOUBLE (Groundball, 5L)
Batting: RHB Spartak Gonjarov 0-0: Called Strike
0-1: Hit by Pitch
Batting: LHB Henry Madore 0-0: Called Strike
0-1: Ball
1-1: Fly out, F8 (Flyball, 78D)
Batting: RHB Gomez Talone 0-0: Foul Ball, location: 2F
0-1: Ball
1-1: Called Strike
1-2: Hit by Pitch
Roberto Vázquez to third
Spartak Gonjarov to second
Pinch Hitting: RHB Cody Blackburn 0-0: Ball
1-0: Grounds into fielders choice 1-2 (Groundball, P)
Spartak Gonjarov to third
Gomez Talone to second
Batting: LHB Félix Castellanos 0-0: Called Strike
0-1: Ball
1-1: Ball
2-1: Called Strike
2-2: Strikes out looking
Top of the 8th over - 0 runs, 1 hit, 0 errors, 3 left on base; Myrtle Beach 0 - Irving 3
BOTTOM OF THE 8TH
Irving Blue Sox batting - Pitching for Myrtle Beach Mermen : RHP Plinio Pedrulho
Now at SS: David Meléndez
Batting: RHB Greg Bugarin 0-0: Ball
1-0: SOLO HOME RUN (Flyball, 78XD), Distance : 435 ft
Batting: RHB Scotty Smalls 0-0: Called Strike
0-1: Ball
1-1: Called Strike
1-2: Strikes out swinging
Pitching: RHP Aaron Houchens
Batting: SHB Rafael Porfrio 0-0: Swinging Strike
0-1: Foul Ball, location: 2F
0-2: SINGLE (Groundball, 4MD)
Batting: RHB Octávio Beltzán 0-0: Foul Ball, location: 2F
0-1: Foul Ball, location: 2F
0-2: Grounds into double play, 6-4-3 (Groundball, 6)
Bottom of the 8th over - 1 run, 2 hits, 0 errors, 0 left on base; Myrtle Beach 0 - Irving 4
TOP OF THE 9TH
Myrtle Beach Mermen batting - Pitching for Irving Blue Sox : RHP Ryan Dull
Batting: RHB Armando Romero 0-0: Ground out 5-3 (Groundball, 5)
Batting: LHB Raymond Dudzinski 0-0: Ball
1-0: DOUBLE (Flyball, 8RD)
Batting: RHB Tumas Wenzu 0-0: Swinging Strike
0-1: Foul Ball, location: 2F
0-2: Strikes out swinging
Batting: LHB Roberto Vázquez 0-0: Called Strike
0-1: Ball
1-1: Swinging Strike
1-2: Ball
2-2: SINGLE (Line Drive, 4M)
Raymond Dudzinski to third
Batting: RHB Spartak Gonjarov 0-0: Called Strike
0-1: Ball
1-1: Foul Ball, location: 2F
1-2: Foul Ball, location: 2F
1-2: Ground out 4-3 (Groundball, 4)
Top of the 9th over - 0 runs, 2 hits, 0 errors, 2 left on base; Myrtle Beach 0 - Irving 4
Tuesday, June 12th, 2018 - OOTP Baseball 18.8 Build 76